 Dungeon Crawl Stone Soup version 0.29-a0-1019-g84f7d21838 (webtiles) character file.

Game seed: 16323009963408421258

266 spaghetti the Trooper (level 6, -7/82 (85) HPs)
             Began as a Naga Chaos Knight on Aug 10, 2022.
             Was a Plaything of Xom.
             Mangled by a gnoll bouda
             ... wielding a +0 club
              (11 damage)
             ... on level 4 of the Dungeon.
             The game lasted 00:06:14 (4210 turns).

spaghetti the Trooper (Naga Chaos Knight)           Turns: 4210, Time: 00:06:15

HP:   -7/82 (85)    AC:  8    Str: 10 (15) XL:     6   Next: 20%
MP:   6/6           EV:  9    Int: 13 (16) God:    Xom [.*....]
Gold: 125           SH:  0    Dex:  8 (10) Spells: 2/5 levels left

rFire   . . .      SeeInvis +   a - +1 hand axe (chaos) {axe}
rCold   . . .      Faith    .   (no shield)
rNeg    . . .      Spirit   .   n - +2 robe of Insecurity {rPois Int+2}
rPois   +          Reflect  .   (no helmet)
rElec   +          Harm     .   h - +0 cloak
rCorr   .          Rampage  .   (no gloves)
Will    .....                   (no barding)
Stlth   ..........              (no amulet)
HPRegen 0.23/turn               (no ring)
MPRegen 0.10/turn               (no ring)

@: berserking, lightly drained, quick
A: AC +2, large, see invisible, deformed body, poison resistance, slowness 2,
spit poison 1, naga tail 1, iridescent scales 1, high MP 1, electricity
resistance
a: Spit Poison, Renounce Religion


You were on level 4 of the Dungeon.
You worshipped Xom.
You were a plaything of Xom.
You visited 1 branch of the dungeon, and saw 4 of its levels.

You collected 125 gold pieces.


Innate Abilities, Weirdness & Mutations

Your serpentine skin is tough. (AC +2)
You have supernaturally acute eyesight. (SInv)
Armour fits poorly on your strangely shaped body.
Your system is resistant to poisons. (rPois)
You cover ground very slowly.
You can spit poison.
You have a snake-like lower body.
You are partially covered in iridescent scales. (AC +2)
You have an increased reservoir of magic. (+10% MP)
You are resistant to electric shocks. (rElec)


   Skills:
 * Level 4.2 Fighting
 - Level 3.2 Axes
 * Level 3.0 Armour
 - Level 0.7 Dodging
 * Level 2.4 Unarmed Combat
 + Level 1.5 Transmutations
 + Level 2.2 Poison Magic


You had 2 spell levels left.
You knew the following spells:

 Your Spells              Type           Power      Damage    Failure   Level
a - Spider Form           Tmut/Pois      4%         N/A       41%         3

Your spell library contained the following spells:

 Spells                   Type           Power      Damage    Failure   Level
 Beastly Appendage        Tmut           6%         N/A       17%         1
 Wereblood                Tmut           3%         N/A       26%         2
 Conjure Ball Lightning   Conj/Air       0%         3x3d6     100%        6
 Discord                  Hex            0%         N/A       100%        8
 Disjunction              Tloc           0%         N/A       100%        8

Inventory:

Hand Weapons
 a - a +1 hand axe of chaos (weapon) {axe}
Missiles
 e - 35 stones {throwing}
 j - 2 boomerangs {throwing}
Armour
 b - a +2 leather armour
 h - a +0 cloak (worn)
   (You found it on level 4 of the Dungeon)
 n - the +2 robe of Insecurity (worn) {rPois Int+2}
   (You found it on level 3 of the Dungeon)

   Int:       It affects your intelligence (+2).
   rPois:     It protects you from poison.
Jewellery
 f - an amulet of faith {!P}
   (You found it on level 1 of the Dungeon)
 i - a ring of willpower
   (You found it on level 2 of the Dungeon)
Wands
 m - a wand of polymorph (11)
   (You found it on level 3 of the Dungeon)
Scrolls
 g - a scroll of magic mapping {!r}
 k - a scroll of identify {@r1}
Potions
 d - 2 potions of might {unknown}
Miscellaneous
 c - a piece from Xom's chessboard (14/15) (quivered)

Dungeon Overview and Level Annotations

Branches:
Dungeon (4/15) Zot: 18825
 Temple: D:4-7

Altars:
Cheibriados
Xom

Annotations:
D:3 4 runed translucent doors, Crazy Yiuf; Tef's ghost, amateur FoFi
D:4 Natasha

#.....#......#..
#...#........#.. #+
##....#.#....##.
######.###..#...#######.
#..............#........
#..............#........
#.....§........#........
#....§§§§§.....#....)##.
#..###@###...##.....###
##..###g###...##.....##.
#.....ggg...............
#.......................
##..###.###...##..##.###
..... #.# #..†######+#
#.... .........# #....
.........# #....
.........#


You could see a gnoll bouda (berserk, agile, invisible, very poisoned) and 3
gnolls.


Message History

Unknown command.
Natasha claws you. Natasha closely misses you. 😕 HP[-1]
You take 1 damage, and now have 54/55 hp.
You barely miss Natasha. Natasha claws you. 😕 HP[-2]
You take 2 damage, and now have 52/55 hp.
You are too injured to fight recklessly!
You are too injured to fight recklessly!
You are too injured to fight recklessly!
You are too injured to fight recklessly!
You are too injured to fight recklessly!
You are too injured to fight recklessly!
You are too injured to fight recklessly!
You are too injured to fight recklessly!
You are too injured to fight recklessly!
You are too injured to fight recklessly!
You are too injured to fight recklessly!
You are too injured to fight recklessly!
You are too injured to fight recklessly!
You are too injured to fight recklessly!
You are too injured to fight recklessly!
You are too injured to fight recklessly!
You are too injured to fight recklessly!
You are too injured to fight recklessly!
You barely miss Natasha. "Where it stops, nobody knows!"
Your surroundings suddenly seem different.
A gnoll bouda and 3 gnolls come into view.
Unknown command.
Unknown command.
You make a move on Xom's chessboard...
The gnoll shouts!
The gnoll twists and deforms.
The gnoll bouda shouts!
The gnoll shouts! x2
The gnoll bouda barks out a call to the hunt!
The gnolls pick up the pace!
The gnoll hits you but does no damage. 😕 HP[+1]
The gnoll hits you from afar with a +0 spear. 😕 HP[-3]
You take 3 damage, and now have 50/55 hp.
The gnoll bouda attacks as you move away!
The gnoll bouda hits you with a +0 club. x2 😮 HP[-10]
You take 10 damage, and now have 40/55 hp.
You hit the gnoll bouda.
The gnoll bouda goes berserk!
The gnoll bouda hits you but does no damage.
The gnoll bouda hits you with a +0 club. 😮 HP[-2]
You take 2 damage, and now have 38/55 hp.
Unknown command.
Unknown command.
You hit the gnoll bouda.
The gnoll bouda is poisoned.
The gnoll bouda hits you with a +0 club.
You hit the gnoll bouda. The gnoll bouda closely misses you.
The gnoll closely misses you. The gnoll bouda barely misses you.
You hit the gnoll bouda.
The gnoll bouda flickers and vanishes for a moment.
The gnoll bouda closely misses you.
The gnoll hits you from afar with a +0 spear.
The gnoll bouda hits you with a +0 club. 😮 HP[-8]
You take 8 damage, and now have 30/55 hp.
Unknown command.
Unknown command.
Unknown command.
You hit the gnoll bouda.
Nothing appears to happen.
The gnoll bouda misses you. The gnoll barely misses you.
The gnoll bouda hits you with a +0 club!
* * * LOW HITPOINT WARNING * * *
You emit a cloud of colourful smoke! 😨 HP[-16]
You take 16 damage, and now have 14/55 hp.
MASSIVE DAMAGE!! (PAUSE) Unknown command.
Unknown command.
Okay, then.
It was a potion of berserk rage.
A red film seems to cover your vision as you go berserk!
You feel yourself moving faster!
You feel mighty!
Xom roars with laughter!
The gnoll barely misses you.
The gnoll bouda hits you with a +0 club.
* * * LOW HITPOINT WARNING * * *
😱 HP[+2]
You now have 82 max hp (+27).
You regained 2 hp, and now have 16/82 hp.
You slash the gnoll bouda!
The gnoll bouda suddenly seems more agile.
The gnoll bouda hits you with a +0 club!
* * * LOW HITPOINT WARNING * * *
The gnoll hits you from afar with a +0 spear.
* * * LOW HITPOINT WARNING * * *
😱 HP[-12]
You take 12 damage, and now have 4/82 hp.
You miss the gnoll bouda.
The gnoll is no longer moving quickly. x2
The gnoll bouda hits you with a +0 club!
You die...

Skill      XL: |  1  2  3  4  5  6 |
---------------+-------------------+-----
Armour         | 2 3 |  3.0
Unarmed Combat | 1 2 |  2.4
Poison Magic   | 1 2 |  2.2
Transmutations | 1 |  1.5
Fighting       | 4 |  4.2
Axes           | |  3.2
Dodging        | |  0.7

Action                   |  1- 3 |  4- 6 || total
-------------------------+-------+-------++-------
Melee: Hand axe          |    85 |   139 ||   224
       Punch             |     1 |     1 ||     2
 Abil: Spit Poison       |       |     3 ||     3
Evoke: Piece from Xom's  |       |     3 ||     3
  Use: Scroll            |     3 |     4 ||     7
       Potion            |       |     6 ||     6
Armor: Leather armour    |    40 |    41 ||    81
       Robe              |       |    27 ||    27
Dodge: Dodged            |    36 |    85 ||   121

Levels and vault maps discovered:
D:1:      saegor_arrival_miasma, layout_basic, minmay_misc_feat_cross
D:2:      layout_loops_ring, minmay_snake_closets
D:3:      layout_loops_ring, mainiacjoe_overflow_catwalk,
          kennysheep_slug_shrine, gammafunk_ghost_icy,
          ebering_ecumenical_altar_rust, minivault_24, uniq_crazy_yiuf_cottage
D:4:      layout_gridville, minmay_misc_feat_pillars, uniq_natasha

Notes
Turn   | Place    | Note
-------+----------+-------------------------------------------
     0 | D:1      | spaghetti the Naga Chaos Knight began the quest for the
                  | Orb.
     0 | D:1      | Reached XP level 1. HP: 21/21 MP: 1/1
     0 | D:1      | magus.rc [v1.9.6]
   175 | D:1      | XOM: silly message
   411 | D:1      | XOM: 1-stop teleportation journey
   482 | D:1      | Reached XP level 2. HP: 27/28 MP: 2/2
   641 | D:1      | XOM: swap monsters
   672 | D:1      | You pick up a book of Changes and begin reading...
   672 | D:1      | You add the spells Beastly Appendage, Wereblood and Spider
                  | Form to your library.
   680 | D:1      | XOM is BORED!
   680 | D:1      | XOM: give mutations
   680 | D:1      | Gained mutation: Your body sometimes deteriorates upon
                  | taking damage. [Xom's mischief]
   680 | D:1      | Gained mutation: Your body often deteriorates upon taking
                  | damage. [Xom's mischief]
   744 | D:1      | XOM: cloud trail
   899 | D:1      | You pick up a book of Chaos and begin reading...
   899 | D:1      | You add the spells Conjure Ball Lightning, Disjunction and
                  | Discord to your library.
   935 | D:1      | Reached skill level 2 in Armour
  1206 | D:2      | Reached XP level 3. HP: 34/34 MP: 3/3
  1310 | D:2      | XOM: god gift: leather armour {god gift}
  1474 | D:2      | XOM: polymorph worm -> boggart
  1563 | D:2      | Reached skill level 1 in Unarmed Combat
  1659 | D:2      | Reached skill level 1 in Poison Magic
  1671 | D:2      | Reached XP level 4. HP: 37/42 MP: 4/4
  1935 | D:2      | XOM: 2-stop teleportation journey
  2042 | D:2      | XOM: cloud trail
  2308 | D:3      | Found a faded altar of an unknown god.
  2369 | D:3      | Reached skill level 1 in Transmutations
  2441 | D:3      | Found a shimmering altar of Xom.
  2454 | D:3      | Reached XP level 5. HP: 23/50 MP: 5/5
  2641 | D:3      | Found a runed translucent door.
  2642 | D:3      | Noticed Crazy Yiuf
  2679 | D:3      | Learned a level 3 spell: Spider Form
  2713 | D:3      | XOM: enchant monster (good)
  2739 | D:3      | Found a runed translucent gate.
  2739 | D:3      | Found a runed translucent gate.
  2739 | D:3      | Found a runed translucent gate.
  2944 | D:3      | Identified the +2 robe of Insecurity {rPois Int+2}
  3088 | D:3      | Found a snail-covered altar of Cheibriados.
  3432 | D:3      | Noticed Tef's ghost (amateur FoFi)
  3467 | D:3      | XOM: noise
  3513 | D:4      | Noticed an ogre
  3518 | D:4      | XOM: cast spell 'Necromutation'
  3525 | D:4      | Reached skill level 4 in Fighting
  3525 | D:4      | Reached skill level 2 in Unarmed Combat
  3525 | D:4      | XOM: enchant monster (good)
  3665 | D:3      | XOM: draining
  3677 | D:3      | XOM: give mutations
  3677 | D:3      | Gained mutation: You occasionally shout uncontrollably at
                  | your foes. [Xom's mischief]
  3677 | D:3      | Lost mutation: Your body often deteriorates upon taking
                  | damage. [Xom's mischief]
  3677 | D:3      | Gained mutation: Your body often deteriorates upon taking
                  | damage. [Xom's mischief]
  3696 | D:4      | XOM: swap monsters
  3700 | D:4      | Lost mutation: You occasionally shout uncontrollably at
                  | your foes. [potion of mutation]
  3700 | D:4      | Lost mutation: Your body often deteriorates upon taking
                  | damage. [potion of mutation]
  3700 | D:4      | Lost mutation: Your body sometimes deteriorates upon taking
                  | damage. [potion of mutation]
  3700 | D:4      | Gained mutation: You are partially covered in iridescent
                  | scales. (AC +2) [potion of mutation]
  3700 | D:4      | Gained mutation: You have an increased reservoir of magic.
                  | (+10% MP) [potion of mutation]
  3700 | D:4      | Gained mutation: You are resistant to electric shocks.
                  | (rElec) [potion of mutation]
  3700 | D:4      | HP: 10/42 [orc priest/+0 falchion (5)]
  3703 | D:4      | Reached skill level 2 in Poison Magic
  3704 | D:4      | HP: 2/43 [orc priest/+0 falchion (4)]
  3706 | D:4      | Reached XP level 6. HP: 3/52 MP: 6/6
  3920 | D:3      | XOM: scenery: create altars
  4129 | D:4      | Noticed Natasha
  4136 | D:4      | Killed Natasha
  4137 | D:4      | Reached skill level 3 in Armour
  4193 | D:4      | Noticed Natasha
  4197 | D:4      | XOM: 1-stop teleportation journey
  4207 | D:4      | XOM: smoke on damage
  4208 | D:4      | HP: 16/82 [gnoll bouda/+0 club (6)]
  4209 | D:4      | HP: 7/82 [gnoll bouda/+0 club (9)]
  4210 | D:4      | Mangled by a gnoll bouda

Vanquished Creatures
  An orc priest (D:4)
  An iguana (D:4)
  Natasha (D:4)
  An orc wizard (D:4)
  10 adders
  An ufetubus (D:3)
  4 dart slugs
  An orc (D:4)
  3 endoplasms (D:1)
  A giant cockroach (D:1)
  9 hobgoblins
  4 kobolds
  10 ball pythons
  10 bats
  6 frilled lizards
  2 goblins
  4 rats
69 creatures vanquished.

Vanquished Creatures (collateral kills)
  A rat (D:3)
1 creature vanquished.

Grand Total: 70 creatures vanquished

Table legend:
 A = Non-vault XP
 B = Vault XP
 C = Vault XP percentage of total XP
 D = Non-vault monster count
 E = Vault monster count
 F = Vault count percentage of total count
                 A         B        C        D         E       F
            +---------+---------+-------+---------+---------+-------
      Total |     243 |     137 |  36.1 |      57 |      13 |  18.6
            +---------+---------+-------+---------+---------+-------
        D:1 |      31 |       0 |   0.0 |      19 |       0 |   0.0
        D:2 |      23 |      98 |  81.0 |      13 |      11 |  45.8
        D:3 |      54 |       4 |   6.9 |      16 |       1 |   5.9
        D:4 |     135 |      35 |  20.6 |       9 |       1 |  10.0
            +---------+---------+-------+---------+---------+-------

Illustrated notes

Table legend:
 A = Kills in this place as a percentage of kills in entire the game.
 B = Kills by you in this place as a percentage of kills by you in the entire game.
 C = Kills by friends in this place as a percentage of kills by friends in the entire game.
 D = Other kills in this place as a percentage of other kills in the entire game.
 E = Experience gained in this place as a percentage of experience gained in the entire game.
 F = Experience gained in this place divided by the number of levels of this place that you have seen.
                   A       B       C       D       E      F
               +-------+-------+-------+-------+-------+----------------------
         Total | 100.0 | 100.0 | 100.0 |   N/A | 100.0 |  95.0
       Dungeon | 100.0 | 100.0 | 100.0 |   N/A | 100.0 |  95.0
               +-------+-------+-------+-------+-------+----------------------

Table legend: (Time is in decaauts)
 A = Elapsed time spent in this place.
 B = Non-inter-level travel time spent in this place.
 C = Inter-level travel time spent in this place.
 D = Time resting spent in this place.
 E = Time spent auto-exploring this place.
 F = Levels seen in this place.
 G = Mean time per level.
                   A        B        C        D        E       F      G
               +--------+--------+--------+--------+--------+-----+--------+
         Total |   5174 |   5035 |    139 |    565 |   3843 |   4 | 1293.5 |
       Dungeon |   5174 |   5035 |    139 |    565 |   3843 |   4 | 1293.5 |
               +--------+--------+--------+--------+--------+-----+--------+

Top non-repeatable levels by time:
     D:3: 1900 daAuts
     D:1: 1474 daAuts
     D:2: 1448 daAuts
     D:4: 350 daAuts
